 Dungeon Crawl Stone Soup version 0.25-a0-44-g29a1220a87 (webtiles) character file.

Game seed: 15373655447120333726, levelgen mode: deterministic

31 Iscandelvey the Vexing (level 3, 22/26 HPs)
             Began as a Demonspawn Arcane Marksman on Oct 23, 2019.
             Quit the game on level 2 of the Dungeon.
             The game lasted 00:00:29 (553 turns).

Iscandelvey the Vexing (Demonspawn Arcane Marksman)  Turns: 553, Time: 00:00:30

Health: 22/26      AC:  2    Str: 10    XL:     3   Next: 7%
Magic:  4/4        EV: 12    Int: 15    God:
Gold:   34         SH:  0    Dex: 13    Spells: 3/4 levels left

rFire    . . .     SeeInvis .   a - +0 hunting sling
rCold    . . .     Gourm    .   (no shield)
rNeg     . . .     Faith    .   e - +0 robe
rPois    .         Spirit   +   (helmet restricted)
rElec    .         Reflect  .   (no cloak)
rCorr    .         Harm     .   (no gloves)
MR       .....                  (no boots)
Stlth    +.........             (no amulet)
HPRegen  0.08/turn              (no ring)
MPRegen  0.09/turn              (no ring)

@: mildly poisoned (22 -> 17)
A: horns 1, magic shield
a: no special abilities


You were on level 2 of the Dungeon.
You were not hungry.

You visited 1 branch of the dungeon, and saw 2 of its levels.

You collected 34 gold pieces.

Inventory:

Hand Weapons
 a - a +0 hunting sling (weapon)
Missiles
 d - 9 sling bullets (quivered)
 g - 22 stones
Armour
 e - a +0 robe (worn)
Scrolls
 c - a scroll of amnesia {unknown}
 h - 2 scrolls of remove curse {unknown}
 i - a scroll of identify {unknown}
Potions
 b - a potion of magic {unknown}
Comestibles
 f - 3 rations


   Skills:
 + Level 1.3 Fighting
 + Level 2.2 Slings
 + Level 2.3 Dodging
 + Level 1.1 Spellcasting
 + Level 3.3 Hexes


You had 3 spell levels left.
You knew the following spells:

 Your Spells              Type           Power        Failure   Level  Hunger
a - Corona                Hex            ##.....      6%          1    ##.....

Your spell library contained the following spells:

 Spells                   Type           Power        Failure   Level  Hunger
 Slow                     Hex            ##......     10%         2    ###....
 Inner Flame              Hex/Fire       #.......     36%         3    ####...
 Portal Projectile        Hex/Tloc       #.....       36%         3    ####...
 Cause Fear               Hex            ##........   52%         4    #####..
 Leda's Liquefaction      Hex/Erth       #.........   77%         4    #####..


Dungeon Overview and Level Annotations

Branches:
Dungeon (2/15)

Altars:
Ashenzari


Innate Abilities, Weirdness & Mutations

You have a pair of small horns on your head.
When hurt, damage is shared between your health and your magic reserves.


Message History

There are monsters nearby!
Firing (i - inventory. (/) - cycle)
d - 11 sling bullets (quivered)
Press: ? - help, Shift-Dir - straight line, f/p - adder
Aim: an adder (heavily wounded)
You shoot a sling bullet. The sling bullet hits the adder.
The adder is almost dead.
The adder bites you but does no damage.
There are monsters nearby!
Firing (i - inventory. (/) - cycle)
d - 10 sling bullets (quivered)
Press: ? - help, Shift-Dir - straight line, f/p - adder
Aim: an adder (almost dead)
You shoot a sling bullet. The sling bullet hits the adder.
You kill the adder!
You have reached level 3!
Your experience leads to an increase in your attributes!
Increase (S)trength, (I)ntelligence, or (D)exterity?
You feel clever.
Your demonic ancestry asserts itself...
A pair of horns grows on your head!
You feel sick.
Are you sure you want to abandon this character and quit the game? (Confirm with "yes".)

#.####.######.#####.#
#................##.#
#..###.#.####.##.##.#
#.........###.##.##.#
##.###.....##.##.##.#
##...###.......# ##.##
####.#### #.# #.# #@#
#.# #(# #.# ... #.###
..g.. #...# .......
###.##
.........####...#####
+.........+...........
#.(..(....####...#...#
##......#


You could see a goblin.

Vanquished Creatures
  An adder (D:2)
  A bat (D:2)
  2 giant cockroaches (D:1)
  7 goblins
  3 hobgoblins (D:1)
  A frilled lizard (D:1)
  A kobold (D:1)
  5 rats
21 creatures vanquished.

Notes
Turn   | Place    | Note
-------+----------+-------------------------------------------
     0 | D:1      | Iscandelvey the Demonspawn Arcane Marksman began the quest
                  | for the Orb.
     0 | D:1      | Reached XP level 1. HP: 15/15 MP: 2/2
   231 | D:1      | Gained mutation: When hurt, damage is shared between your
                  | health and your magic reserves. [demonic ancestry]
   231 | D:1      | Reached XP level 2. HP: 16/21 MP: 3/3
   487 | D:2      | Found a shattered altar of Ashenzari.
   552 | D:2      | Gained mutation: You have a pair of small horns on your
                  | head. [demonic ancestry]
   552 | D:2      | Reached XP level 3. HP: 23/26 MP: 4/4
   553 | D:2      | Quit the game

Levels and vault maps discovered:
D:1:      elethiomel_arrival_quiet, layout_rooms
D:2:      minmay_recursive_quarters, layout_loops_corners,
          ashenzari_conservatory_becter, first_ration

Skill      XL: |  1  2 |
---------------+-------+-----
Dodging        | 2 |  2.3
Slings         | 2 |  2.2
Fighting       | |  1.3
Spellcasting   | |  1.1
Hexes          | |  3.3

Action                   || total
-------------------------++-------
 Fire: Hunting sling     ||    53
Armor: Robe              ||     6
Dodge: Dodged            ||     6

Table legend:
 A = Non-vault XP
 B = Vault XP
 C = Vault XP percentage of total XP
 D = Non-vault monster count
 E = Vault monster count
 F = Vault count percentage of total count
                 A         B        C        D         E       F
            +---------+---------+-------+---------+---------+-------
      Total |      45 |       0 |   0.0 |      21 |       0 |   0.0
            +---------+---------+-------+---------+---------+-------
        D:1 |      27 |       0 |   0.0 |      16 |       0 |   0.0
        D:2 |      18 |       0 |   0.0 |       5 |       0 |   0.0
            +---------+---------+-------+---------+---------+-------
